 Dungeon Crawl Stone Soup version 0.31.0-11-ge490571c62 (webtiles) character file.

Game seed: 5003846486490188133

33 qw the Shooter (level 3, -2/15 (18) HPs)
             Began as a Spriggan Hunter on Feb 4, 2024.
             Slain by Terence
             ... wielding a +2 short sword of draining
              (4 damage)
             ... on level 2 of the Dungeon.
             The game lasted 00:00:03 (1040 turns).

qw the Shooter (Spriggan Hunter)                    Turns: 1040, Time: 00:00:03

HP:   -2/15 (18)    AC:  2    Str:  7    XL:     3   Next: 12%
MP:   4/4           EV: 19    Int: 10    God:
Gold: 112           SH:  0    Dex: 20    Spells: 2/2 levels left

rFire   . . .        a - +2 shortbow
rCold   . . .        (shield currently unavailable)
rNeg    . . .        c - +0 robe
rPois   .            (helmet restricted)
rElec   .            (no cloak)
rCorr   .            (gloves unavailable)
SInv    +            (boots unavailable)
Will    .....        (no amulet)
Stlth   ++           (no ring)
HPRegen 0.22/turn    (no ring)
MPRegen 0.09/turn

%: no passive effects
@: heavily drained, very quick
A: very small, no large weapons, unfitting armour, see invisible, speed 3
a: no special abilities


You were on level 2 of the Dungeon.
You visited 1 branch of the dungeon, and saw 2 of its levels.

You collected 112 gold pieces.


Innate Abilities, Weirdness & Mutations

You are very small and have problems with some larger weapons.
You are too small for most types of armour.
You have supernaturally acute eyesight. (SInv)
You cover ground extremely quickly. (Speed+++)


   Skills:
 - Level 1.5 Fighting
 + Level 4.5 Ranged Weapons
 - Level 4.0 Dodging
 - Level 1.5 Stealth


You had 2 spell levels left.
You didn't know any spells.
Your spell library was empty.

Inventory:

Hand Weapons
 a - a +2 shortbow (weapon)
Armour
 c - a +0 robe (worn)
Scrolls
 b - a scroll of noise {unknown}
 e - a scroll of teleportation
Potions
 d - a potion of enlightenment
 f - a potion of brilliance {unknown}
 g - a potion of curing {unknown}

Dungeon Overview and Level Annotations

Branches:
Dungeon (2/15)

Altars:

Shops:
D:1 (

Annotations:
D:2 Terence


Message History

Terence is lightly wounded.
Terence closely misses you.
Terence hits you with a +2 short sword of draining.
You feel drained.
You shoot an arrow. The arrow barely misses Terence.
Terence closely misses you.
You shoot an arrow. The arrow hits Terence.
Terence is moderately wounded.
Terence misses you.
You shoot an arrow.
The arrow hits Terence but does no damage.
Terence is moderately wounded.
Terence barely misses you.
You shoot an arrow. The arrow hits Terence!
Terence is heavily wounded.
Terence barely misses you.
You shoot an arrow.
The arrow hits Terence but does no damage.
Terence is heavily wounded.
Terence misses you.
You shoot an arrow.
The arrow hits Terence but does no damage.
Terence is heavily wounded.
Terence completely misses you. Terence misses you.
You shoot an arrow. The arrow completely misses Terence.
Terence barely misses you.
You shoot an arrow. The arrow barely misses Terence.
Terence misses you.
You shoot an arrow. The arrow hits Terence.
Terence is heavily wounded.
Terence barely misses you.
You shoot an arrow. The arrow barely misses Terence.
Terence hits you with a +2 short sword of draining.
You feel drained.
You shoot an arrow. The arrow barely misses Terence.
Terence hits you with a +2 short sword of draining!
Ouch! That really hurt!
You feel drained.
You die...
Terence says, "Rest in peace."

#.## #..... ###.##
#....# #.....
##....#### #.#.##
#........# #.#.##
#.....(..# #.#.##
........# #.#..#
#@...#.# #.##.#
##@...#.# #.##.#
#...###.# #.....
#.###.##.# ##.... #.#
##.#.# #.... #. #...#
#.### . ##)### #.# 7
#.###.##########.#
#.............#.###
#....##########.#.##.


You could see Terence.

Vanquished Creatures
  A ribbon worm (D:2)
  2 ball pythons
  A bat (D:1)
  3 endoplasms
  2 giant cockroaches (D:1)
  6 goblins
  A hobgoblin (D:1)
  2 jackals (D:1)
  2 quokkas (D:1)
  A frilled lizard (D:2)
  3 kobolds
  A rat (D:2)
25 creatures vanquished.

Notes
Turn   | Place    | Note
-------+----------+-------------------------------------------
     0 | D:1      | qw the Spriggan Hunter began the quest for the Orb.
     0 | D:1      | Reached XP level 1. HP: 10/10 MP: 2/2
     0 | D:1      | 0 ||| qw: Version: 0.3-a-160-g6735b56
     0 | D:1      | 0 ||| qw: Game counter: 5476
     0 | D:1      | 0 ||| qw: Melee chars always use a shield: true
     0 | D:1      | 0 ||| qw: God list: Okawaru
     0 | D:1      | 0 ||| qw: Allow faded altars: false
     0 | D:1      | 0 ||| qw: Do Orc after clearing Dungeon:15 true
     0 | D:1      | 0 ||| qw: Do second Lair branch before Depths: true
     0 | D:1      | 0 ||| qw: Lair rune preference: random
     0 | D:1      | 0 ||| qw: Goals: Normal
     0 | D:1      | 0 ||| PLANNING D:1-11
    69 | D:1      | Reached skill level 3 in Dodging
   287 | D:1      | Reached XP level 2. HP: 14/14 MP: 3/3
   341 | D:1      | Found Alino's Antique Weapon Emporium.
   783 | D:1      | 783 ||| READING scroll labelled QAQ HUEFRUANU.
   783 | D:1      | 783 ||| ENCHANTING +0 shortbow.
   784 | D:1      | 784 ||| READING scroll labelled NAVESMACOV.
   784 | D:1      | 784 ||| IDENTIFYING coppery potion
   785 | D:1      | 785 ||| READING scroll labelled OMI EQENNUIJUA.
   789 | D:1      | 789 ||| DROPPING scroll of butterflies.
   880 | D:2      | Reached XP level 3. HP: 18/18 MP: 4/4
   890 | D:2      | Found a faded altar of an unknown god.
   896 | D:2      | 896 ||| READING scroll of enchant weapon.
   896 | D:2      | 896 ||| ENCHANTING +1 shortbow.
  1023 | D:2      | Noticed Terence
  1040 | D:2      | HP: 2/16 [Terence/+2 short sword of draining (9)]
  1040 | D:2      | Slain by Terence

Levels and vault maps discovered:
D:1:      dpeg_arrival_signposts, layout_basic, serial_shops,
          nicolae_shop_just_a_little_nook
D:2:      layout_loops_ring, hellmonk_ecumenical_altar_run_dry,
          minmay_tree_intersection, nicolae_figureground_sparkle, uniq_terence,
          uniq_natasha

Skill      XL: |  1  2 |
---------------+-------+-----
Dodging        | 3 4 |  4.0
Fighting       | |  1.5
Ranged Weapons | |  4.5
Stealth        | |  1.5

Action                     || total
---------------------------++-------
   Fire: Shortbow          ||    77
    Use: Scroll            ||     4
 Armour: Robe              ||     6
  Dodge: Dodged            ||    18

Table legend:
 A = Non-vault XP
 B = Vault XP
 C = Vault XP percentage of total XP
 D = Non-vault monster count
 E = Vault monster count
 F = Vault count percentage of total count
                 A         B        C        D         E       F
            +---------+---------+-------+---------+---------+-------
      Total |      48 |       0 |   0.0 |      25 |       0 |   0.0
            +---------+---------+-------+---------+---------+-------
        D:1 |      26 |       0 |   0.0 |      14 |       0 |   0.0
        D:2 |      22 |       0 |   0.0 |      11 |       0 |   0.0
            +---------+---------+-------+---------+---------+-------
